 Dungeon Crawl Stone Soup version 0.31.0-12-g77e489cdc1 (webtiles) character file.

Game seed: 5878493733347167452

3 112233 the Gusty (level 1, 0/10 HPs)
             Began as a Tengu Air Elementalist on Feb 13, 2024.
             Slain by a jackal (3 damage)
             ... on level 1 of the Dungeon.
             The game lasted 00:00:11 (440 turns).

112233 the Gusty (Tengu Air Elementalist)            Turns: 440, Time: 00:00:11

Health: 0/10       AC:  2    Str:  8    XL:     1   Next: 50%
Magic:  1/4        EV: 12    Int: 15    God:
Gold:   26         SH:  0    Dex: 14    Spells: 3/4 levels left

rFire   . . .        c - +0 dagger
rCold   . . .        (no shield)
rNeg    . . .        a - +0 robe
rPois   .            (helmet restricted)
rElec   .            (no cloak)
rCorr   .            (no gloves)
SInv    .            (boots unavailable)
Will    .....        (no amulet)
Stlth   ++           (no ring)
HPRegen 0.21/turn    (no ring)
MPRegen 0.09/turn

%: acrobat
@: no status effects
A: beak, talons 3, acrobatic
a: no special abilities


You were on level 1 of the Dungeon.
You visited 1 branch of the dungeon, and saw 1 of its levels.

You collected 26 gold pieces.

Inventory:

Hand Weapons
 c - a +0 dagger (weapon)
Armour
 a - a +0 robe (worn)
Potions
 b - a potion of magic


   Skills:
 - Level 2.1 Dodging
 - Level 2.0 Stealth
 + Level 2.2 Spellcasting
 - Level 1.3 Conjurations
 - Level 4.0 Air Magic


You had 3 spell levels left.
You knew the following spells:

 Your Spells              Type           Power      Damage    Failure   Level
a - Shock                 Conj/Air       36%        1d5       7%          1

Your spell library contained the following spells:

 Spells                   Type           Power      Damage    Failure   Level
 Static Discharge         Conj/Air       18%        3-4/arc   11%         2
 Swiftness                Air            13%        N/A       12%         3
 Tukima's Dance           Hex            1%         N/A       54%         3
 Airstrike                Air            6%         2d(1-17)  38%         4
 Passage of Golubria      Tloc           1%         N/A       91%         4
 Yara's Violent Unravell  Hex/Alch       0%         3d3       99%         5


Dungeon Overview and Level Annotations

Branches:
Dungeon (1/15)

Altars:


Innate Abilities, Weirdness & Mutations

You have a beak for a mouth.
You have claws for feet.
You can magically evade attacks while moving or waiting.


Message History

Aiming: Shock (safe; 8% risk of failure)
Press: ? - help, Shift-Dir - straight line, f/p - jackal
Aim: a jackal (moderately wounded, 60% to hit)
The zap misses the jackal.
The jackal misses you. The jackal bites you.
There are monsters nearby!
Casting: Shock (safe; 8% risk of failure)
Confirm with . or Enter, or press ? or * to list all spells.
Aiming: Shock (safe; 8% risk of failure)
Press: ? - help, Shift-Dir - straight line, f/p - jackal
Aim: a jackal (moderately wounded, 60% to hit)
The zap hits the jackal.
The jackal is almost dead.
The jackal closely misses you.
Unknown command.
There are monsters nearby!
You hit the jackal.
You kill the jackal!
You hit the jackal but do no damage. Your kick misses the jackal.
The jackal bites you. The jackal closely misses you.
Unknown command.
You hit the jackal but do no damage. The jackal barely misses you.
You hit the jackal. Your kick misses the jackal. Your peck misses the jackal.
You punch the jackal, but do no damage.
The jackal is moderately wounded.
The jackal bites you but does no damage.
The jackal misses you.
Unknown command.
You hit the jackal but do no damage. Your kick misses the jackal.
You peck the jackal.
The jackal is severely wounded.
The jackal closely misses you.
You hit the jackal. Your kick misses the jackal.
The jackal is almost dead.
The jackal bites you.
You hit the jackal but do no damage.
The jackal is almost dead.
The jackal bites you.
* * * LOW HITPOINT WARNING * * *
The jackal bites you.
You die...

###'###
#.# #.#
#.# #.#
#.# #.#
#.# #@#
#h# ..#
.### #.
#


You could see a jackal.

Vanquished Creatures
  A jackal (D:1)
  A quokka (D:1)
  A kobold (D:1)
3 creatures vanquished.

Notes
Turn   | Place    | Note
-------+----------+-------------------------------------------
     0 | D:1      | 112233 the Tengu Air Elementalist began the quest for the
                  | Orb.
     0 | D:1      | Reached XP level 1. HP: 10/10 MP: 4/4
   440 | D:1      | Slain by a jackal

Illustrated notes

Levels and vault maps discovered:
D:1:      spicycebolla_arrival_xxxplode, layout_basic

Action                     || total
---------------------------++-------
  Melee: Dagger            ||     7
         Unarmed           ||     2
         Kick              ||     1
         Peck              ||     1
         Punch             ||     1
   Cast: Shock             ||     9
 Armour: Robe              ||     8
  Dodge: Dodged            ||     8
